 Dungeon Crawl Stone Soup version 0.31-a0-986-g5e6e4ef867 (webtiles) character file.

Game seed: 3353136821375069569

116 grandjackal the Slasher (level 4, 0/35 HPs)
             Began as a Demonspawn Gladiator on Nov 17, 2023.
             Slain by a gnoll
             ... wielding a +0 flail
              (7 damage)
             ... on level 3 of the Dungeon.
             The game lasted 00:03:36 (2645 turns).

grandjackal the Slasher (Demonspawn Gladiator)      Turns: 2645, Time: 00:03:36

Health: 0/35       AC:  6    Str: 17    XL:     4   Next: 69%
Magic:  4/4        EV: 11    Int: 13    God:
Gold:   11         SH:  0    Dex: 14    Spells: 1/3 levels left

rFire   + . .        a - +0 long sword
rCold   . . .        (no shield)
rNeg    . . .        j - +0 ring mail
rPois   .            c - +0 helmet
rElec   .            (no cloak)
rCorr   .            (no gloves)
SInv    .            (no boots)
Will    .....        (no amulet)
Stlth   +            q - ring of protection from fire
HPRegen 0.25/turn    (no ring)
MPRegen 0.09/turn

%: no passive effects
@: no status effects
A: big brain 2, demonic touch 1
a: no special abilities


You were on level 3 of the Dungeon.
You visited 1 branch of the dungeon, and saw 4 of its levels.

You collected 81 gold pieces.
You spent 70 gold pieces at shops.

Inventory:

Hand Weapons
 a - a +0 long sword (weapon)
 r - a +1 short sword of flaming
Missiles
 b - 19 stones
 d - 3 throwing nets (quivered)
 e - a javelin
Armour
 c - a +0 helmet (worn)
 j - a +0 ring mail (worn)
Jewellery
 q - a ring of protection from fire (left hand)
 v - a ring of ice
Scrolls
 f - 3 scrolls of teleportation
 g - 3 scrolls of enchant weapon {unknown}
 h - 3 scrolls of torment {unknown}
 i - a scroll of fog {unknown}
 k - 2 scrolls of fear
 m - a scroll of summoning {unknown}
 n - a scroll of enchant armour {unknown}
 t - 4 scrolls of identify {unknown}
 u - a scroll of silence {unknown}
Potions
 l - a potion of curing {unknown}
 o - a potion of magic {unknown}
 p - a potion of cancellation {unknown}
 s - a potion of degeneration {unknown}


   Skills:
 + Level 3.2 Fighting
 + Level 3.5 Long Blades
 - Level 2.0 Throwing
 - Level 3.0 Dodging
 + Level 1.8 Necromancy


You had one spell level left.
You knew the following spells:

 Your Spells              Type           Power      Damage    Failure   Level
a - Necrotise             Necr           16%        1d4       28%         1
b - Apportation           Tloc           0%         N/A       50%         1

Your spell library contained the following spells:

 Spells                   Type           Power      Damage    Failure   Level
 Summon Small Mammal      Summ           0%         N/A       50%         1
 Blink                    Tloc           0%         N/A       65%         2
 Lesser Beckoning         Tloc           0%         N/A       65%         2
 Momentum Strike          Conj/Tloc      0%         3d8       65%         2


Dungeon Overview and Level Annotations

Branches:
Dungeon (4/15)
 Temple: D:4-7

Altars:

Shops:
D:3 *


Innate Abilities, Weirdness & Mutations

You have an extremely huge brain. (Int +4)
Your touch may inflict minor irresistible damage on your foes.


Message History

You start resting.
HP restored.
Found a stone staircase leading up.
Done exploring.
There is a stone staircase leading down here.
You climb downwards.
There is a stone staircase leading up here.
f - 3 scrolls of teleportation (gained 1)
You open the door.
A gnoll comes into view. It is wielding a +0 flail.
There is an open door here.
A gnoll is nearby!
A hobgoblin and a gnoll come into view.
The hobgoblin shouts!
The gnoll shouts! x2
A gnoll comes into view. It is wielding a +0 club.
The gnoll shouts!
You hear an angry hiss.
An ogre comes into view. It is wielding a +0 giant club.
A gnoll comes into view. It is wielding a +0 flail.
The ogre shouts!
There is an open door here.
The gnoll attacks as it pursues you! The gnoll closely misses you.
You aren't carrying any items that you can evoke.
The gnoll attacks as it pursues you! The gnoll hits you with a +0 flail.
The gnoll attacks as it pursues you! The gnoll closely misses you.
The gnoll attacks as it pursues you! The gnoll closely misses you.
The gnoll attacks as it pursues you! The gnoll hits you with a +0 flail.
The gnoll attacks as it pursues you! The gnoll hits you with a +0 flail.
The gnoll attacks as it pursues you! The gnoll hits you with a +0 flail!
There is a stone staircase leading up here.
The gnoll hits you with a +0 flail.
You climb upwards.
There is a stone staircase leading down here.
You slash the gnoll!
The gnoll is severely wounded.
The gnoll misses you. The gnoll hits you with a +0 flail!
* * * LOW HITPOINT WARNING * * *
You barely miss the gnoll. Your touch misses the gnoll.
The gnoll is severely wounded.
The gnoll hits you with a +0 flail!
You die...

'#.#.#.#.#.#.#.#.#.#.##...#######
##.####.########.###.#..###
##......## #.# #...## #####....##
#.###.### # #.....### #.#...# #
#......∩####...#.#
#####....##....#..##.#
.........#####....##.#
.......########.@###.#
.......#.......g.....#
.......#.#############
.......#.##.# .......#....#
.......####.#################
#####+## #....†............#
......#####################.#
#######..........##.......#.#


You could see a gnoll.

Vanquished Creatures
  A hound (D:3)
  2 adders (D:2)
  3 worms (D:2)
  A dart slug (D:2)
  6 ball pythons
  4 bats
  7 endoplasms (D:1)
  3 giant cockroaches
  5 goblins
  5 hobgoblins
  3 quokkas
  2 frilled lizards
  9 kobolds
  6 rats
57 creatures vanquished.

Notes
Turn   | Place    | Note
-------+----------+-------------------------------------------
     0 | D:1      | grandjackal the Demonspawn Gladiator began the quest for
                  | the Orb.
     0 | D:1      | Reached XP level 1. HP: 16/16 MP: 1/1
    95 | D:1      | You fall into a shaft and drop 1 floor!
   169 | D:2      | Gained mutation: Your touch may inflict minor irresistible
                  | damage on your foes. [demonic ancestry]
   169 | D:2      | Reached XP level 2. HP: 22/22 MP: 2/2
   172 | D:2      | Learned a level 1 spell: Necrotise
   194 | D:2      | Found a faded altar of an unknown god.
   609 | D:1      | Gained mutation: You have an unusually large brain. (Int
                  | +2) [demonic ancestry]
   609 | D:1      | Reached XP level 3. HP: 28/28 MP: 3/3
   737 | D:1      | Learned a level 1 spell: Apportation
  1012 | D:2      | Reached skill level 1 in Necromancy
  1016 | D:2      | Gained mutation: You have an extremely huge brain. (Int +4)
                  | [demonic ancestry]
  1016 | D:2      | Reached XP level 4. HP: 34/35 MP: 4/4
  1184 | D:2      | Identified the +1 leather armour "Sainoik" {rF+ Int-4
                  | Dex+5}
  1624 | D:3      | Found Rywongum's General Store.
  1630 | D:3      | Bought a scroll of teleportation for 30 gold pieces
  1630 | D:3      | Bought a scroll of fear for 40 gold pieces
  2586 | D:4      | Noticed an ogre
  2645 | D:3      | Slain by a gnoll

Illustrated notes

Levels and vault maps discovered:
D:1:      matt_arrival_diagonals, layout_basic, chequers_serial_rivers_micro_d
D:2:      layout_basic, nicolae_ecumenical_snake_handling
D:3:      layout_basic, serial_shops, shop
D:4:      layout_basic, marbit_many_paths, hangedman_ru_absence, uniq_edmund,
          uniq_ijyb

Skill      XL: |  1  2  3 |
---------------+----------+-----
Throwing       | 2 |  2.0
Dodging        | 3 |  3.0
Long Blades    | 3 |  3.5
Necromancy     | 1 |  1.8
Fighting       | 3 |  3.2

Action                     |  1- 3 |  4- 6 || total
---------------------------+-------+-------++-------
  Melee: Long sword        |    84 |    39 ||   123
         Touch             |    14 |     5 ||    19
         Punch             |       |     1 ||     1
 Armour: Ring mail         |    41 |    27 ||    68
         Leather armour    |     1 |       ||     1
  Dodge: Dodged            |    39 |    36 ||    75

Table legend: (Time is in decaauts)
 A = Elapsed time spent in this place.
 B = Non-inter-level travel time spent in this place.
 C = Inter-level travel time spent in this place.
 D = Time resting spent in this place.
 E = Time spent auto-exploring this place.
 F = Levels seen in this place.
 G = Mean time per level.
                   A        B        C        D        E       F      G
               +--------+--------+--------+--------+--------+-----+--------+
         Total |   2674 |   2558 |    116 |    157 |   1963 |   4 |  668.5 |
       Dungeon |   2674 |   2558 |    116 |    157 |   1963 |   4 |  668.5 |
               +--------+--------+--------+--------+--------+-----+--------+

Top non-repeatable levels by time:
     D:3: 1004 daAuts
     D:2: 776 daAuts
     D:1: 747 daAuts
     D:4: 145 daAuts
